AoeStats
← Talerx3764

Arabia

506310647Analyzed
2v2 RM · 19d ago on Sep 13, 2026· 137m 39s· 4 players
Game mode
Random Map
Map size
Medium (4 player)
Population
200
Speed
Normal
Resources
Standard
Victory
Conquest
Starting age
Dark Age
Ending age
Imperial Age
RankedLock teamsTeams togetherTeam positionsShared explorationLock speedFull tech treeHidden civsTurbo modeCheats
Victory
Defeat
🇲🇽 Britons · Mexico
852
+13
🇲🇽 Spanish · Mexico
788
+15
🇨🇱 Goths · Chile
775
-14
🇺🇸 Byzantines · United States
771
-14
LeonMike_
4:54 Loom
10:05 Feudal Age
11:38 Wheelbarrow
17:59 Bloodlines
19:27 Town Watch
20:14 Horse Collar
20:21 Double-Bit Axe
26:31 Castle Age
24:24 Man-at-Arms
25:45 Fishing Lines
26:11 Stone Mining
26:13 Gold Mining
27:47 Husbandry
28:02 Squires
28:45 Heavy Plow
29:55 Hand Cart
29:51 Gillnets
30:40 Bow Saw
34:14 Ballistics
35:33 Masonry
34:53 Pikeman
36:13 Gambesons
42:35 Caravan
45:16 Imperial Age
44:06 Murder Holes
44:10 Light Cavalry
45:47 Scale Barding Armor
45:53 Forging
45:34 Fletching
45:56 Padded Archer Armor
46:00 Town Patrol
46:55 Conscription
48:11 Arrowslits
48:58 Architecture
49:57 Chemistry
50:18 Hoardings
52:09 Cavalier
55:14 Sappers
56:21 Bodkin Arrow
57:02 Iron Casting
56:48 Chain Barding Armor
56:44 Leather Archer Armor
58:59 Caravan
59:10 Guilds
64:51 Blast Furnace
64:27 Plate Barding Armor
63:52 Bracer
64:25 Ring Archer Armor
66:04 Onager
68:12 Elite Conquistador
71:39 Hussar
72:47 Hussar
75:19 Arson
75:41 Scale Mail Armor
87:59 Paladin
90:17 Supremacy
92:22 Chain Mail Armor
98:08 Thumb Ring
97:25 Elite Skirmisher
112:35 Two-Man Saw
112:53 Plate Mail Armor
128:19 Long Swordsman
RS576119
9:54 Feudal Age
11:25 Double-Bit Axe
11:38 Horse Collar
14:41 Fletching
16:57 Padded Archer Armor
18:19 Wheelbarrow
23:42 Castle Age
24:20 Bodkin Arrow
23:48 Crossbowman
26:17 Ballistics
39:51 Leather Archer Armor
42:06 Loom
51:42 Forging
54:25 Imperial Age
53:54 Iron Casting
53:22 Town Watch
57:23 Cavalier
59:16 Fervor
59:27 Bracer
59:43 Bow Saw
61:04 Ring Archer Armor
61:53 Arbalester
63:44 Hand Cart
63:31 Town Patrol
62:52 Elite Skirmisher
64:20 Heavy Plow
66:47 Chemistry
67:06 Conscription
68:24 Blast Furnace
67:38 Scale Barding Armor
69:34 Light Cavalry
70:15 Husbandry
70:36 Chain Barding Armor
73:33 Plate Barding Armor
75:16 Yeomen
76:44 Capped Ram
79:59 Scale Mail Armor
86:13 Two-Man Saw
86:50 Warwolf
89:21 Caravan
90:56 Chain Mail Armor
100:13 Gold Mining
100:13 Stone Mining
104:16 Onager
104:31 Pikeman
107:39 Plate Mail Armor
106:32 Halberdier
126:09 Heavy Scorpion
Koi boy 1999
11:16 Feudal Age
11:57 Horse Collar
12:06 Double-Bit Axe
21:17 Castle Age
19:22 Stone Mining
23:10 Elite Skirmisher
24:50 Pikeman
31:59 Bow Saw
36:56 Guard Tower
40:07 Gold Mining
41:03 Murder Holes
44:26 Ballistics
45:31 Scale Barding Armor
55:04 Imperial Age
55:36 Cavalier
58:25 Wheelbarrow
57:47 Loom
58:08 Paladin
59:41 Chain Barding Armor
59:22 Padded Archer Armor
64:48 Bow Saw
64:40 Heavy Plow
65:36 Fortified Wall
66:28 Chemistry
68:24 Gold Shaft Mining
72:53 Caravan
80:40 Stone Shaft Mining
80:47 Bombard Tower
80:56 Heavy Camel Rider
83:09 Treadmill Crane
85:22 Heavy Cavalry Archer
105:45 Two-Man Saw
Talerx3764
0:45 Loom
10:15 Feudal Age
11:18 Double-Bit Axe
11:14 Horse Collar
13:05 Forging
21:24 Castle Age
19:37 Stone Mining
20:57 Gold Mining
21:14 Scale Mail Armor
21:06 Fletching
23:01 Pikeman
24:14 Squires
25:04 Husbandry
25:19 Heavy Plow
27:52 Anarchy
30:24 Scale Barding Armor
30:56 Iron Casting
31:30 Bloodlines
47:57 Imperial Age
47:27 Bow Saw
47:38 Chain Mail Armor
47:44 Chain Barding Armor
48:11 Elite Huskarl
48:24 Elite Huskarl
52:15 Wheelbarrow
52:02 Conscription
53:29 Elite Skirmisher
56:38 Perfusion
60:13 Two-Man Saw
59:23 Halberdier
61:30 Chemistry
60:51 Ballistics
65:00 Hand Cart
75:34 Caravan
76:44 Light Cavalry
81:06 Murder Holes
84:00 Bodkin Arrow
84:07 Padded Archer Armor
85:19 Hussar
93:09 Blast Furnace
92:10 Bracer
92:25 Leather Archer Armor
123:19 Crop Rotation
Connection lost

Rejoining the realm…

Still unreachable

The connection could not be restored.

Session expired

The server has moved on; the page needs a fresh start.